 Dungeon Crawl Stone Soup version 0.31-a0-1036-g31867e143a (webtiles) character file.

Game seed: 124363559248302570

7 Azuregosa the Sneak (level 2, 21/21 HPs)
             Began as an Octopode Delver on Nov 19, 2023.
             Quit the game on level 4 of the Dungeon.
             The game lasted 00:02:13 (138 turns).

Azuregosa the Sneak (Octopode Delver)                Turns: 138, Time: 00:02:14

Health: 21/21      AC:  1    Str: 11    XL:     2   Next: 0%
Magic:  2/2        EV: 13    Int: 12    God:
Gold:   11         SH:  0    Dex: 13    Spells: 1/1 levels left

rFire   . . .        h - +0 halberd
rCold   . . .        (shield currently unavailable)
rNeg    . . .        (helmet restricted)
rPois   .            (no amulet)
rElec   .            (no ring)
rCorr   .            (no ring)
SInv    .            (no ring)
Will    .....        (no ring)
Stlth   ++++         (no ring)
HPRegen 0.23/turn    (no ring)
MPRegen 0.08/turn    (no ring)
                     (no ring)

%: no passive effects
@: no status effects
A: almost no armour, amphibious, 8 rings, camouflage 1, gelatinous body 1,
(nimble swimmer 1), tentacles
a: no special abilities


You were on level 4 of the Dungeon.
You visited 1 branch of the dungeon, and saw 2 of its levels.

You collected 11 gold pieces.

Inventory:

Hand Weapons
 a - a +0 spear
 h - a +0 halberd (weapon)
Missiles
 g - 2 stones
Wands
 f - a wand of digging (3)
Scrolls
 b - a scroll of fog
 d - a scroll of fear
 i - a scroll of poison {unknown}
Potions
 c - a potion of might {unknown}
 e - a potion of haste


   Skills:
 - Level 3.1 Fighting
 - Level 2.1 Polearms
 - Level 2.1 Dodging
 + Level 6.7 Stealth


You had one spell level left.
You didn't know any spells.
Your spell library was empty.

Dungeon Overview and Level Annotations

Branches:
Dungeon (5/15)
 Temple: D:4-7

Altars:

Shops:
D:5 ?


Innate Abilities, Weirdness & Mutations

You cannot wear most types of armour.
You are amphibious.
You can wear up to eight rings at the same time.
Your skin changes colour to match your surroundings (Stealth+).
Your rubbery body absorbs attacks. (AC +1, EV +1)
((You are camouflaged when in or above water. (Stealth+)))
You have tentacles for arms and can constrict up to eight enemies at once.


Message History

Reach: h) +0 halberd
Press: ? - help, Dir - move target, f - goblin
Aim: a goblin, wielding a +0 club (about 60% to evade your +0 halberd)
You reach to attack!
You barely miss the goblin. You barely miss the goblin. You grab the goblin.
You constrict the goblin. The goblin closely misses you.
You can't go up here!
You release your grip on the goblin.
The goblin hits you with a +0 club. The hobgoblin hits you.
You climb downwards.
There is a stone staircase leading up here.
You hit the goblin.
You kill the goblin!
The hobgoblin completely misses you.
You closely miss the hobgoblin. Your grab misses the hobgoblin.
You squeeze the hobgoblin.
The hobgoblin is heavily wounded.
The hobgoblin barely misses you.
You hit the hobgoblin. You grab the hobgoblin.
The hobgoblin is severely wounded.
You constrict the hobgoblin, but do no damage.
The hobgoblin closely misses you. The hobgoblin barely misses you.
You hit the hobgoblin.
You kill the hobgoblin!
You start resting.
HP restored.
You climb upwards.
The endoplasm hits you. x2
There is a stone staircase leading down here.
You hit the endoplasm. You squeeze the endoplasm.
The endoplasm is severely wounded.
The endoplasm barely misses you.
You hit the endoplasm.
The endoplasm is almost dead.
The endoplasm closely misses you. The endoplasm misses you.
You puncture the endoplasm!
You kill the endoplasm!
You have reached level 2!
You start resting.
HP restored.
Are you sure you want to abandon this character and quit the game? (Confirm with "yes".)

#......#..
#..#...#.#
##........#
.........##
#........##
#.........#
#.........#
#...@.....#
............##
####..##...##
#.. ..## #.
..# #. ..# #
..# ..#


There were no monsters in sight!

Vanquished Creatures
  A dart slug (D:5)
  An endoplasm (D:4)
  A goblin (D:5)
  A hobgoblin (D:5)
4 creatures vanquished.

Notes
Turn   | Place    | Note
-------+----------+-------------------------------------------
     0 | D:5      | Azuregosa the Octopode Delver began the quest for the Orb.
     0 | D:5      | Reached XP level 1. HP: 16/16 MP: 1/1
    17 | D:5      | Found Wuodotie's Magic Scroll Emporium.
   112 | D:4      | Reached XP level 2. HP: 15/21 MP: 2/2
   138 | D:4      | Quit the game

Illustrated notes

Levels and vault maps discovered:
D:4:      layout_loops_ring, uniq_robin
D:5:      layout_basic, serial_shops, shop, shop, uniq_edmund

Action                     || total
---------------------------++-------
  Melee: Halberd           ||    10
         Constrict         ||     2
         Tentacles         ||     2
    Use: Scroll            ||     1
   Stab: Sleeping          ||     1
 Armour: Skin              ||     4
  Dodge: Dodged            ||     8

Table legend: (Time is in decaauts)
 A = Elapsed time spent in this place.
 B = Non-inter-level travel time spent in this place.
 C = Inter-level travel time spent in this place.
 D = Time resting spent in this place.
 E = Time spent auto-exploring this place.
 F = Levels seen in this place.
 G = Mean time per level.
                   A        B        C        D        E       F      G
               +--------+--------+--------+--------+--------+-----+--------+
         Total |    142 |    142 |      0 |     43 |      0 |   2 |   71.0 |
       Dungeon |    142 |    142 |      0 |     43 |      0 |   2 |   71.0 |
               +--------+--------+--------+--------+--------+-----+--------+

Top non-repeatable levels by time:
     D:5: 106 daAuts
     D:4: 36 daAuts
